Map: Ascension to Aiur LE

Players

Yata - Winner!

  • Race: Zerg Zerg
  • League: Platinum
  • Spawn Location: 5:00

QUEBEC

  • Race: Terran Terran
  • League: Platinum
  • Spawn Location: 11:00

VOD

Have the link to the VOD?

Description

Time

  • Played on: Oct. 10, 2017, 5:04 p.m.
  • Length: 16:42
Show
View Real Time Build Order
Export as new Build Order

Yata Zerg - Winner!

Build Orders: Hatch First 

Get SALT Encoding   

  12  0:01  Drone  
  13  0:12  Overlord  
  13  0:21  Drone  
  14  0:30  Drone x2  
  14  0:34  Drone  
  17  1:05  Drone  
  17  1:06  Drone  
  17  1:09  Hatchery  
  18  1:19  Extractor  
  18  1:20  Spawning Pool  
  18  1:21  Drone  
  18  1:22  Drone  
  18  1:28  Drone  
  19  1:42  Overlord  
  19  2:22  Zergling x8  
  23  2:25  Queen  
  23  2:27  Queen  
  26  2:49  Roach Warren  
  25  2:52  Extractor  
  25  2:55  Baneling Nest  
  23  3:17  Zergling x12  
  27  3:29  Queen  
  26  3:42  Zergling x8  
  30  3:53  Drone x3  
  30  4:01  Drone, Baneling Nest  
  30  4:04  Queen  
  32  4:11  Metabolic Boost  
  32  4:19  Drone  
  33  4:30  Drone  
  33  4:31  Drone  
  35  4:38  Overlord  
  35  4:58  Drone x7  
  42  5:01  Drone  
  43  5:14  Spore Crawler  
  43  5:16  Spore Crawler  
  38  5:32  Spine Crawler  
  38  5:35  Spine Crawler  
  36  5:37  Lair  
  36  5:39  Drone x3  
  39  6:05  Spore Crawler  
  38  6:18  Drone x2  
  39  6:19  Drone  
  39  6:24  Zergling x2  
  39  6:25  Zergling x2  
  43  6:27  Overlord x3  
  43  6:29  Hatchery  
  42  6:33  Drone  
  43  6:49  Drone x8  
  43  6:50  Hydralisk Den  
  43  6:51  Drone  
  51  7:19  Zergling x8  
  51  7:20  Zergling x10, Evolution Chamber  
  59  7:25  Queen  
  59  7:26  Queen  
  63  7:31  Muscular Augments  
  63  7:44  Pneumatized Carapace  
  63  7:54  Zerg Melee Weapons Level 1  
  63  8:00  Overlord x4  
  63  8:24  Drone x15  
  67  8:36  Zergling x6  
  70  8:56  Extractor, Drone x3  
  70  8:57  Zergling x2  
  70  8:58  Zergling x10  
  78  9:14  Extractor  
  77  9:23  Baneling x5  
  77  9:26  Hydralisk x6  
  77  9:29  Overlord x4  
  89  9:31  Hatchery  
  89  9:38  Zergling x2  
  89  9:39  Zergling x2  
  89  9:41  Centrifical Hooks  
  89  9:44  Hatchery  
  89  9:58  Zergling x2  
  89  9:59  Zergling x22  
  97  10:04  Zergling x2  
  97  10:05  Zergling x6  
  81  10:29  Baneling x2  
  81  10:30  Baneling x2  
  81  10:34  Zergling x18  
  81  10:35  Zergling x8  
  89  10:38  Zergling x4  
  88  10:47  Zergling x2  
  88  10:48  Zergling x10  
  82  10:55  Zergling x2  
  82  10:56  Zergling x6  
  86  10:59  Baneling x10  
  86  11:00  Baneling x2  
  86  11:01  Queen  
  88  11:11  Zergling x22  
  99  11:29  Zerg Ground Armor Level 1  
  94  11:36  Drone x14  
  94  11:38  Spore Crawler  
  107  11:41  Overseer x2  
  107  11:50  Overlord x3  
  107  11:54  Drone x7  
  112  12:00  Drone x5  
  116  12:07  Hydralisk  
  116  12:08  Hydralisk x3  
  118  12:12  Queen  
  118  12:13  Queen  
  128  12:16  Queen  
  128  12:18  Hydralisk x5  
  140  12:24  Overlord x3  
  140  12:33  Infestation Pit  
  138  12:48  Queen  
  136  13:00  Zergling x2  
  136  13:01  Zergling x40  
  157  13:10  Hive  
  157  13:14  Queen  
  157  13:15  Overlord, Queen  
  157  13:16  Overlord x3  
  156  13:46  Zergling x20  
  156  13:47  Zergling x32  
  182  13:51  Baneling  
  182  13:52  Baneling x16  
  182  13:55  Hydralisk  
  182  13:56  Hydralisk x2  
  182  13:59  Overlord x2  
  188  14:13  Zerg Ground Armor Level 2  
  179  14:41  Hatchery  
  179  14:44  Zergling x28  
  179  14:45  Zergling x20  
  194  14:49  Overlord x6  
  190  14:55  Ultralisk Cavern  
  163  15:14  Drone x17  
  148  15:29  Overseer x2  
  148  15:30  Overseer  
  148  15:34  Zergling x2  
  148  15:35  Zergling x24  
  157  15:40  Zergling x2  
  157  15:41  Zergling x8  
  162  15:47  Ultralisk x3  
  180  15:58  Baneling x5  
  180  15:59  Baneling x7  
  180  16:04  Extractor  
  177  16:05  Extractor  
  176  16:14  Drone  
  176  16:16  Drone x16  
Show
View Real Time Build Order
Export as new Build Order

QUEBEC Terran 

Build Orders:  

Get SALT Encoding   

  12  0:01  SCV  
  13  0:13  SCV  
  14  0:19  Supply Depot  
  14  0:25  SCV  
  15  0:40  SCV  
  15  0:42  Barracks  
  16  0:52  SCV  
  17  0:57  Supply Depot  
  17  1:04  SCV  
  18  1:16  SCV  
  19  1:29  SCV  
  19  1:30  Supply Depot  
  19  1:31  Marine  
  21  1:39  Refinery  
  21  1:40  Refinery  
  21  1:41  SCV  
  21  1:46  Bunker  
  22  1:50  Marine  
  23  2:08  Marine  
  23  2:09  SCV  
  23  2:22  SCV  
  23  2:26  Marine  
  24  2:34  SCV  
  25  2:44  Marine  
  26  2:47  SCV  
  27  2:51  Factory  
  27  2:59  Supply Depot, SCV  
  27  3:01  Marine  
  29  3:15  SCV  
  29  3:19  Marine  
  29  3:30  Orbital Command  
  29  3:38  Starport  
  29  3:44  Factory Tech Lab, Marine  
  26  4:03  Marine  
  26  4:09  Factory Tech Lab  
  27  4:17  Bunker  
  27  4:20  SCV  
  27  4:21  Marine  
  27  4:22  Cloaking Field  
  29  4:26  Banshee  
  31  4:33  SCV  
  32  4:38  Marine  
  33  4:46  Siege Tank  
  33  4:49  Bunker  
  36  4:56  Marine  
  37  5:12  Command Center  
  37  5:14  Marine  
  38  5:21  Raven  
  40  5:32  Marine, SCV  
  42  5:50  Marine  
  42  5:51  SCV  
  44  6:03  SCV  
  45  6:08  Marine  
  46  6:16  Command Center  
  46  6:20  Engineering Bay  
  46  6:25  Viking  
  46  6:26  Marine  
  49  6:35  SCV  
  50  6:43  Marine  
  51  6:47  Orbital Command  
  51  6:49  Refinery  
  51  6:50  SCV  
  52  7:12  Marine  
  53  7:19  SCV  
  53  7:20  SCV  
  55  7:23  Siege Tank  
  58  7:30  Marine  
  58  7:31  SCV  
  58  7:32  SCV  
  58  7:33  Orbital Command  
  61  7:37  Viking  
  61  7:43  SCV  
  61  7:44  SCV  
  65  7:48  Marine  
  66  7:52  Refinery  
  66  7:56  SCV  
  66  8:06  Marine  
  64  8:24  Marine  
  57  8:37  Orbital Command  
  57  8:39  SCV  
  57  8:40  SCV  
  60  8:41  Marine  
  60  8:48  Medivac  
  62  8:49  Siege Tank  
  62  8:50  Terran Infantry Weapons Level 1  
  62  8:52  Armory  
  65  8:58  SCV x2, Command Center  
  67  9:06  SCV  
  68  9:10  SCV x2  
  68  9:16  Marine  
  71  9:22  SCV  
  72  9:29  SCV x2  
  74  9:32  Banshee  
  77  9:46  Supply Depot  
  77  9:49  Terran Vehicle Weapons Level 1  
  77  9:54  SCV x2  
  77  9:55  Marine, SCV  
  77  9:56  Siege Tank  
  56  10:07  SCV  
  51  10:42  Marine  
  43  11:00  Refinery, Marine  
  43  11:03  Refinery, Orbital Command  
  44  11:04  Siege Tank  
  44  11:05  Banshee  
  44  11:07  Command Center  
  44  11:08  Command Center  
  50  11:18  Marine  
  45  11:36  Marine  
  46  11:45  SCV x3  
  46  11:46  SCV  
  50  11:48  Terran Infantry Weapons Level 2  
  50  11:50  Terran Vehicle And Ship Armor Level 1  
  50  11:52  Hellbat  
  50  11:54  Marine  
  52  11:57  SCV x2  
  52  11:58  SCV  
  53  12:12  Marine  
  53  12:14  Hellbat  
  54  12:16  Command Center  
  54  12:20  Medivac  
  54  12:21  Orbital Command  
  56  12:29  Marine, Orbital Command  
  56  12:35  Hellbat  
  59  12:47  Marine  
  57  12:59  Command Center  
  57  13:05  Refinery, Marine  
  58  13:07  Refinery  
  58  13:10  Barracks x2  
  58  13:23  Marine  
  52  13:41  Marine  
  53  13:43  Supply Depot  
  53  13:44  Supply Depot x2  
  53  13:45  Supply Depot, Orbital Command  
  49  13:58  Marine  
  49  14:02  Fusion Core  
  49  14:15  Marine  
  49  14:16  Marine x2  
  51  14:18  Widow Mine  
  51  14:21  Banshee  
  56  14:27  Refinery  
  56  14:33  Marine  
  53  14:40  Marine x2  
  33  14:46  Widow Mine, SCV x2  
  33  14:47  SCV  
  33  14:51  Marine  
  38  14:58  Marine  
  36  15:04  Banshee  
  36  15:06  Orbital Command  
  33  15:12  Marine  
  29  15:19  Hellion  
  19  15:31  Orbital Command  
  15  15:47  Banshee  
  18  15:53  Marine  
  18  15:56  Siege Tank  
  22  16:05  Orbital Command  
  22  16:11  Marine  
  22  16:14  Orbital Command  
Tags
 
Add a new tag
Caveats
  • Supply blocks, unpowered buildings, or Contaminate may cause inaccurate times.
  • Supply counts are checked every 10 seconds.